 Dungeon Sprint DCSS version 0.20.0-15-g7f486f2 (webtiles) character file.

430 w00t the Transmogrifier (level 6, 0/45 HPs)
             Began as an Octopode Transmuter on July 1, 2017.
             Slain by a tyrant leech (23 damage)
             ... in the Dungeon (Sprint II: "The Violet Keep of Menkaure").
             The game lasted 00:01:26 (381 turns).

w00t the Transmogrifier (Octopode Transmuter)        Turns: 381, Time: 00:01:26

Health: 0/45       AC:  6    Str: 10    XL:     6   Next: 99%
Magic:  5/9        EV: 15    Int: 15    God:
Gold:   243        SH:  0    Dex: 14    Spells: 1/9 levels left

rFire    x . .     SeeInvis .     - Unarmed
rCold    + + +     Gourm    .   (shield currently unavailable)
rNeg     . . .     Faith    .   (helmet currently unavailable)
rPois    +         Spirit   .   (no amulet)
rElec    .         Reflect  .   (no ring)
rCorr    .         Harm     .   (no ring)
MR       .....     NoTele   +   (no ring)
Stlth    +.........             (no ring)
Regen    0.2/turn               (no ring)
MPRegen  0.2/turn               (no ring)
                                (no ring)
                                (no ring)

@: ice-form
A: almost no armour, stealthy swim, amphibious, 8 rings, (constrict 8)
a: End Transformation


You were in the Dungeon.
You were not hungry.
You were a creature of crystalline ice.
You visited 1 branch You collected 243 gold pieces.

Inventory:

Hand Weapons
 a - a +0 spear
Missiles
 j - 12 arrows
Scrolls
 i - a scroll of blinking {!r}
Potions
 e - a potion of heal wounds {@q2}
 f - a potion of haste
 g - 2 potions of magic
 h - a potion of berserk rage {!q}
Books
 b - a book of Changes

   Spells                             Type                      Level
   a - Beastly Appendage              Transmutation                1
   b - Sticks to Snakes               Transmutation                2
   c - Spider Form                    Transmutation/Poison         3
   d - Ice Form                       Ice/Transmutation            4
   e - Blade Hands                    Transmutation                5
Comestibles
 c - a bread ration
 d - 3 chunks of flesh


   Skills:
 + Level 1.0 Fighting
 - Level 8.6 Dodging
 - Level 3.0 Unarmed Combat
 - Level 2.0 Spellcasting
 * Level 11.7 Transmutations


You had one spell level left.
You knew the following spells:

 Your Spells              Type           Power        Failure   Level  Hunger
b - Beastly Appendage     Tmut           #####.       1%          1    #......
i - Ice Form              Ice/Tmut       ###.....     21%         4    #####..
s - Spider Form           Tmut/Pois      ###.......   6%          3    ###....


Dungeon Overview and Level Annotations

Branches:
Dungeon (1/1)

Altars:


Innate Abilities, Weirdness & Mutations

You cannot wear most types of armour.
You are very stealthy in the water. (Stealth+)
You are amphibious.
You can wear up to eight rings at the same time.
((You can use your tentacles to constrict eight enemies at once.))
((Your skin changes colour to match your surroundings (Stealth+).))
((Your rubbery body absorbs attacks. (AC +1, EV +1)))


Message History

You punch the tyrant leech! You freeze the tyrant leech.
The tyrant leech is lightly wounded.
The tyrant leech misses you.
You hit the tyrant leech. You freeze the tyrant leech.
The tyrant leech is moderately wounded.
You hit the tyrant leech. You freeze the tyrant leech.
The tyrant leech is moderately wounded.
The tyrant leech bites you!
* * * LOW HITPOINT WARNING * * *
The tyrant leech draws strength from your injuries!
You hit the tyrant leech but do no damage.
The tyrant leech is lightly wounded.
The tyrant leech bites you!
* * * LOW HITPOINT WARNING * * *
The tyrant leech draws strength from your injuries!
You miss the tyrant leech.
The tyrant leech is lightly wounded.
The tyrant leech bites you!!
Ouch! That really hurt!
You die...

# ## ##.
#+###.##
#...##.##...#
#wY<.'.#
#$.w##.##...#
##. #'###.##
# ###.#####
#..#..#
##.#.## ##+##


You could see 2 tyrant leeches.

Vanquished Creatures
  A merfolk siren (D)
  4 worker ants (D)
5 creatures vanquished.

Vanquished Creatures (others)
  A crocodile (D)
1 creature vanquished.

Grand Total: 6 creatures vanquished

Notes
Turn   | Place    | Note
-------+----------+-------------------------------------------
     0 | D        | w00t the Octopode Transmuter began the quest for the Orb.
     0 | D        | Reached XP level 1. HP: 13/13 MP: 3/3
     2 | D        | Noticed a worker ant
     2 | D        | Noticed a worker ant
    10 | D        | Killed a worker ant
    10 | D        | Reached skill level 4 in Transmutations
    10 | D        | Reached XP level 2. HP: 13/18 MP: 3/5
    15 | D        | Reached skill level 6 in Transmutations
    15 | D        | Reached XP level 3. HP: 8/23 MP: 4/6
    74 | D        | Killed a crocodile
   233 | D        | Learned a level 3 spell: Spider Form
   239 | D        | Reached XP level 4. HP: 28/28 MP: 3/7
   247 | D        | Reached skill level 5 in Dodging
   247 | D        | Reached skill level 7 in Transmutations
   280 | D        | Noticed a merfolk siren
   290 | D        | Killed a merfolk siren
   290 | D        | Reached skill level 11 in Transmutations
   290 | D        | Reached XP level 5. HP: 25/33 MP: 5/8
   290 | D        | Reached XP level 6. HP: 29/38 MP: 5/9
   374 | D        | Learned a level 4 spell: Ice Form
   375 | D        | Noticed a tyrant leech
   375 | D        | Noticed a tyrant leech
   381 | D        | Slain by a tyrant leech

Skill      XL: |  1  2  3  4 |
---------------+-------------+-----
Dodging        | 3 4 8 |  8.6
Transmutations | 4 6 11 | 11.7
Fighting       | |  1.0
Unarmed Combat | |  3.0
Spellcasting   | |  2.0

Action                   |  1- 3 |  4- 6 || total
-------------------------+-------+-------++-------
Melee: Unarmed           |    15 |    20 ||    35
       Tentacles         |     3 |       ||     3
       Constrict         |     2 |       ||     2
       Kick              |     2 |       ||     2
 Cast: Beastly Appendage |     1 |       ||     1
       Spider Form       |     1 |     1 ||     2
       Ice Form          |       |     1 ||     1
  Use: Potion            |     1 |       ||     1
 Stab: Sleeping          |     1 |     1 ||     2
Armor: Skin              |     1 |     1 ||     2
Dodge: Dodged            |    11 |     6 ||    17
